 Dungeon Crawl Stone Soup version 0.28-a0-1613-gdaab1c2f9b (webtiles) character file.

Game seed: 7947818224880105386

247 kae the Insei (level 5, -1/42 HPs)
             Began as a Draconian Transmuter on Jan 21, 2022.
             Splashed by a jelly's acid (11 damage)
             ... on level 3 of the Dungeon.
             The game lasted 00:03:07 (3597 turns).

kae the Insei (Draconian Transmuter)                Turns: 3597, Time: 00:03:07

Health: -1/42      AC: -6    Str: 12    XL:     5   Next: 85%
Magic:  3/8        EV: 19    Int: 15    God:
Gold:   76         SH:  0    Dex: 17    Spells: 5/9 levels left

rFire   . . .      SeeInvis .     - Unarmed
rCold   . . .      Faith    .   (shield currently unavailable)
rNeg    . . .      Spirit   .   (armour unavailable)
rPois   x          Reflect  .   (helmet currently unavailable)
rElec   .          Harm     .   (cloak currently unavailable)
rCorr   .          Rampage  .   (gloves currently unavailable)
Will    .....                   (boots currently unavailable)
Stlth   ++........              (no amulet)
HPRegen 0.14/turn               (no ring)
MPRegen 0.11/turn               (no ring)

@: spider-form, corroded
A: venomous fangs, AC +5, tiny, unfitting armour, (cold-blooded)
a: End Transformation


You were on level 3 of the Dungeon.
You were a venomous arachnid creature.
You visited 1 branch of the dungeon, and saw 4 of its levels.

You collected 106 gold pieces.
You spent 30 gold pieces at shops.

Inventory:

Scrolls
 c - a scroll of fog
Potions
 a - a potion of lignification
 b - 2 potions of mutation {unknown}
 d - a potion of haste {unknown}
 g - a potion of attraction {unknown}
 i - a potion of degeneration {unknown}
 j - a potion of invisibility {unknown}
 k - a potion of flight {unknown}


   Skills:
 + Level 2.4 Fighting
 + Level 2.5 Dodging
 * Level 4.2 Unarmed Combat
 + Level 2.6 Spellcasting
 * Level 3.6 Transmutations
 * Level 1.4 Poison Magic


You had 5 spell levels left.
You knew the following spells:

 Your Spells              Type           Power      Damage    Failure   Level
a - Beastly Appendage     Tmut           24%        N/A       14%         1
b - Spider Form           Tmut/Pois      9%         N/A       43%         3

Your spell library contained the following spells:

 Spells                   Type           Power      Damage    Failure   Level
 Wereblood                Tmut           12%        N/A       19%         2
 Ice Form                 Ice/Tmut       7%         N/A       86%         4


Dungeon Overview and Level Annotations

Branches:
Dungeon (4/15)
 Temple: D:4-7

Altars:

Shops:
D:2 !


Innate Abilities, Weirdness & Mutations

You are a venomous arachnid creature.
You have poisonous fangs.
You are tiny and dextrous.
Your spellcasting is less reliable in this form.
Your armour is entirely melded.
You are incapable of wielding weapons or throwing items.
((Your plain brown scales are hard. (AC +5)))
You cannot fit into any form of body armour.
((You are cold-blooded and may be slowed by cold attacks.))


Message History

You are very lightly contaminated with residual magic.
Nothing appears to happen.
Casting: Spider Form (quite dangerous; 22% risk of failure)
Confirm with . or Enter, or press ? or * to list all spells.
The spell is quite dangerous to miscast (22% risk of failure)!
Continue anyway? [Y]es or [N]o only, please.
The spell is quite dangerous to miscast (22% risk of failure)!
Continue anyway?
You turn into a venomous arachnid creature.
You climb downwards.
The jelly closely misses you.
There is a stone staircase leading up, spattered with blood here.
The ball python hisses angrily.
The jelly jiggles.
The jelly misses you.
You climb upwards.
There is a stone staircase leading down here.
You hit the jelly.
Your front legs burn!
The jelly is lightly wounded.
The jelly completely misses you.
Your magical contamination has completely faded away.
You hit the jelly.
Your front legs burn!
The jelly is moderately wounded.
The jelly hits you.
You are splashed with acid!
You are too injured to fight recklessly!
You are too injured to fight recklessly!
You are too injured to fight recklessly!
You are too injured to fight recklessly!
You hit the jelly.
Your front legs burn!
The jelly is moderately wounded.
The jelly barely misses you.
You hit the jelly but do no damage. The acid corrodes you!
Your front legs burn!
The jelly is moderately wounded.
The jelly completely misses you.
You hit the jelly.
Your front legs burn!
* * * LOW HITPOINT WARNING * * *
The jelly is heavily wounded.
The jelly hits you.
* * * LOW HITPOINT WARNING * * *
The acid corrodes you!
You are splashed with acid!
You die...

#..........#.........##......##
#..........#.........###.......
#..........#.........# ###.....
##.†......##.###.##### #.....
#..........#.# #.## #.....
#..........#.###..## ##..#..
#............#.....## ###...###
#..............[....###...#.###
#.............s[...............
##....†......J)......#........#
##...........................#
###..........................
#................#........#
#..>.............#.≈≈≈....#
##..............##.≈_≈....#
##.....##.....###.≈≈≈....#
############## #.....####


You could see a jelly.

Vanquished Creatures
  A howler monkey (D:4)
  A hound (D:3)
  2 orc priests (D:3)
  An iguana (D:4)
  2 adders
  An adder skeleton (D:4)
  5 dart slugs
  3 orcs (D:3)
  4 ball pythons
  6 bats
  4 endoplasms
  5 giant cockroaches
  5 goblins
  7 hobgoblins
  2 quokkas
  2 frilled lizards
  5 kobolds
  10 rats
66 creatures vanquished.

Notes
Turn   | Place    | Note
-------+----------+-------------------------------------------
     0 | D:1      | kae the Draconian Transmuter began the quest for the Orb.
     0 | D:1      | Reached XP level 1. HP: 16/16 MP: 3/3
   390 | D:1      | Reached XP level 2. HP: 23/23 MP: 3/5
  1391 | D:2      | Reached XP level 3. HP: 27/28 MP: 4/6
  2089 | D:2      | Found Gaiqur's Distillery.
  2092 | D:2      | Bought a potion of curing for 30 gold pieces
  2486 | D:3      | Reached XP level 4. HP: 24/36 MP: 7/7
  2751 | D:3      | Found a faded altar of an unknown god.
  3043 | D:3      | Learned a level 3 spell: Spider Form
  3310 | D:3      | Reached XP level 5. HP: 40/41 MP: 5/8
  3313 | D:3      | Reached skill level 4 in Unarmed Combat
  3313 | D:3      | Reached skill level 1 in Poison Magic
  3597 | D:3      | Splashed by a jelly's acid

Illustrated notes

Levels and vault maps discovered:
D:1:      psy_arrival_terrarium, layout_basic
D:2:      layout_loops_ring, serial_shops, nicolae_shop_window_shopping
D:3:      layout_rooms, hellmonk_ecumenical_altar_pennies_from_heaven,
          corexii_corridor_pit
D:4:      layout_rooms, grunt_ministairs_11, nicolae_zen_rock_garden,
          kennysheep_nondescript

Skill      XL: |  1  2  3  4  5 |
---------------+----------------+-----
Dodging        | 2 |  2.5
Fighting       | 2 |  2.4
Transmutations | 3 |  3.6
Unarmed Combat | 4 |  4.2
Poison Magic   | 1 |  1.4
Spellcasting   | |  2.6

Action                   |  1- 3 |  4- 6 || total
-------------------------+-------+-------++-------
Melee: Unarmed           |    90 |    80 ||   170
       Kick              |    25 |    11 ||    36
       Tailslap          |     6 |     5 ||    11
       Headbutt          |    11 |     3 ||    14
       Punch             |     1 |     1 ||     2
 Cast: Beastly Appendage |    35 |    10 ||    45
       Spider Form       |       |     5 ||     5
  Use: Scroll            |     6 |     2 ||     8
       Potion            |       |     1 ||     1
 Stab: Sleeping          |     1 |       ||     1
Armor: Skin              |    20 |    14 ||    34
Dodge: Dodged            |    66 |    62 ||   128

Table legend: (Time is in decaauts)
 A = Elapsed time spent in this place.
 B = Non-inter-level travel time spent in this place.
 C = Inter-level travel time spent in this place.
 D = Time resting spent in this place.
 E = Time spent auto-exploring this place.
 F = Levels seen in this place.
 G = Mean time per level.
                   A        B        C        D        E       F      G
               +--------+--------+--------+--------+--------+-----+--------+
         Total |   3594 |   3525 |     69 |    547 |   2471 |   4 |  898.5 |
       Dungeon |   3594 |   3525 |     69 |    547 |   2471 |   4 |  898.5 |
               +--------+--------+--------+--------+--------+-----+--------+

Top non-repeatable levels by time:
     D:1: 1375 daAuts
     D:3: 1190 daAuts
     D:2: 968 daAuts
     D:4: 60 daAuts
